 Dungeon Crawl Stone Soup version 0.20-a0-899-g09a9bfb (webtiles) character file.

299 4thArraOfDagon the Insei (level 6, 0/49 HPs)
             Began as a Barachi Monk on Mar 18, 2017.
             Was a Believer of Cheibriados.
             Slain by an orc wizard
             ... wielding a +0 dagger
              (3 damage)
             ... on level 4 of the Dungeon.
             The game lasted 00:03:35 (514 turns).

4thArraOfDagon the Insei (Barachi Monk)              Turns: 514, Time: 00:03:36

Health: 0/49       AC:  6    Str: 16    XL:     6   Next: 36%
Magic:  6/6        EV: 12    Int: 17    God:    Cheibriados [**....]
Gold:   64         SH:  0    Dex: 18    Spells: 5/5 levels left

rFire    . . .     SeeInvis .     - Unarmed
rCold    . . .     Gourm    .   c - +1 ring mail
rNeg     . . .     Faith    .   (no shield)
rPois    .         Spirit   .   (no helmet)
rElec    .         Reflect  .   (no cloak)
rCorr    .         Harm     .   (no gloves)
MR       .....                  (no boots)
Stlth    +.........             (no amulet)
Regen    0.2/turn               (no ring)
MPRegen  0.1/turn               (no ring)

@: can't hop, very slow
A: +LOS, swims, slowness 1, strong legs 1
a: Hop, Bend Time, Renounce Religion


You were on level 4 of the Dungeon.
You worshipped Cheibriados.
Cheibriados was pleased with you.
You were not hungry.

You visited 2 branches of the dungeon, and saw 6 of its levels.

You collected 64 gold pieces.

Inventory:

Armour
 a - a +0 robe
 c - a +1 ring mail (worn)
Scrolls
 i - a scroll of remove curse
Comestibles
 b - a bread ration
 h - a royal jelly


   Skills:
 + Level 4.6 Fighting
 + Level 3.3 Dodging
 - Level 1.7 Stealth
 * Level 7.0 Unarmed Combat
 + Level 0.6 Invocations


You had 5 spell levels left.
You didn't know any spells.

Dungeon Overview and Level Annotations

Branches:
Dungeon (5/15)             Temple (1/1) D:5

Altars:
Ashenzari
Cheibriados
Dithmenos
Elyvilon
Fedhas
Gozag
Hepliaklqana
Kikubaaqudgha
Nemelex Xobeh
Okawaru
Ru
Sif Muna
Uskayaw
Vehumet
Wu Jian
Xom
Yredelemnul
Zin

Annotations:
D:5 Grinder


Innate Abilities, Weirdness & Mutations

Shadows flee at your approach. (+LOS)
You can swim through water.
You cover ground slowly.
You can hop short distances.


Message History

The adder bites you but does no damage.
Unknown command.
You hit the adder.
The adder is almost dead.
The adder closely misses you.
Unknown command.
You closely miss the adder.
The adder is almost dead.
The orc wizard casts a spell.
The orc wizard blinks!
The adder bites you but does no damage.
Unknown command.
You miss the adder.
The adder is almost dead.
The adder bites you but does no damage.
Unknown command.
You hit the adder.
You kill the adder!
Cheibriados appreciates the change of pace.
Something hits you.
You die...

####### .# #........
........ #.##.#.#
#.##.#.### #@#......
.# ####.##>#..#.###
J#
.......§J...oJ..##.#
##.#####.#..#.....#
#.#......##.###
#.##.#.o.......
#.##.#.........
#.##.#!.o......
#.##...........


You could see an ooze.

Vanquished Creatures
  An ogre (D:4)
  A phantom (D:4)
  An orc wizard (D:4)
  2 worker ants (D:4)
  A hound skeleton (D:5)
  2 adders
  A dart slug (D:1)
  2 orcs (D:5)
  2 bats
  2 giant cockroaches
  6 goblins
  A hobgoblin (D:2)
  A frilled lizard (D:1)
  2 kobolds (D:1)
  4 rats
29 creatures vanquished.

Notes
Turn   | Place    | Note
-------+----------+-------------------------------------------
     0 | D:1      | 4thArraOfDagon the Barachi Monk began the quest for the Orb.
     0 | D:1      | Reached XP level 1. HP: 18/18 MP: 1/1
   101 | D:1      | Reached XP level 2. HP: 24/24 MP: 2/2
   124 | D:1      | Reached skill level 4 in Unarmed Combat
   206 | D:2      | Reached XP level 3. HP: 20/29 MP: 3/3
   337 | D:4      | Noticed an ogre
   349 | D:4      | Killed an ogre
   349 | D:4      | Reached skill level 6 in Unarmed Combat
   349 | D:4      | Reached XP level 4. HP: 29/36 MP: 4/4
   356 | D:4      | Reached XP level 5. HP: 35/42 MP: 5/5
   360 | D:4      | Noticed a phantom
   365 | D:4      | Killed a phantom
   365 | D:4      | Reached XP level 6. HP: 41/49 MP: 6/6
   373 | D:5      | Entered Level 5 of the Dungeon
   373 | D:5      | Found a staircase to the Ecumenical Temple.
   381 | Temple   | Entered the Ecumenical Temple
   389 | Temple   | Became a worshipper of Cheibriados the Contemplative
   389 | Temple   | Reached * piety under Cheibriados
   389 | Temple   | Reached ** piety under Cheibriados
   482 | D:5      | Noticed Grinder
   482 | D:5      | Paralysed by Grinder for 3 turns
   489 | D:5      | Paralysed by Grinder for 6 turns
   506 | D:4      | Reached skill level 7 in Unarmed Combat
   514 | D:4      | Slain by an orc wizard

Vault maps used:
D:1:      mrwooster_arrival_statue
D:3:      minivault_24, minmay_misc_feat_alley, uniq_sigmund
D:4:      nicolae_zen_rock_garden
D:5:      tso_oasis_becter, minmay_temple_entry_overgrown, enter_ossuary_2,
          first_bread, uniq_menkaure, uniq_grinder
Temple:   nicolae_temple_no_exploring_needed

Skill      XL: |  1  2  3  4  5  6 |
---------------+-------------------+-----
Unarmed Combat | 4 6 7 |  7.0
Fighting       | 4 |  4.6
Dodging        | |  3.3
Stealth        | |  1.7
Invocations    | |  0.6

Action                   |  1- 3 |  4- 6 || total
-------------------------+-------+-------++-------
Melee: Unarmed           |    68 |    43 ||   111
       Punch             |       |     1 ||     1
 Abil: Hop               |     2 |     1 ||     3
  Use: Potion            |     2 |       ||     2
       Scroll            |       |     5 ||     5
Armor: Robe              |     7 |       ||     7
       Ring mail         |    12 |     6 ||    18
Dodge: Dodged            |    51 |    21 ||    72
